 Dungeon Crawl Stone Soup version 0.15.0-12-gccce430 (webtiles) character file.

3066 CrazyArbalest the Quickloader (level 9, -5/65 HPs)
             Began as a Demonspawn Hunter on Sept 1, 2014.
             Was a Believer of Okawaru.
             Killed from afar by a steam dragon (16 damage)
             ... with a ball of steam
             ... on Level 8 of the Dungeon.
             The game lasted 01:32:25 (8840 turns).

CrazyArbalest the Quickloader (Demonspawn Hunter)   Turns: 8840, Time: 01:32:26

HP  -5/65        AC  8     Str 12      XL: 9   Next: 57%
MP  11/11        EV 14     Int 18      God: Okawaru [**....]
Gold 471         SH  0     Dex 17      Spells:  0 memorised,  8 levels left

rFire  . . .     SeeInvis .     b - +1 hand crossbow
rCold  . . .     Clarity  .     R - +0 ring mail
rNeg   . . .     rCorr    .     (no shield)
rPois  .         rRot     .     C - +1 helmet
rElec  .         Spirit   .     (no cloak)
SustAb .         Warding  .     (no gloves)
rMut   +         Stasis   .     (no boots)
Gourm  .                        g - amulet of resist mutation
MR     +....                    A - cursed ring of protection from magic
                                n - ring of teleport control

@: brilliant, lethally poisoned, somewhat resistant to hostile enchantments,
very unstealthy
A: repulsion field 2, powered by death 1
a: Heroism, Renounce Religion, Evoke Teleport Control


You were on level 8 of the Dungeon.
You worshipped Okawaru.
Okawaru was pleased with you.
You were hungry.

You visited 2 branches of the dungeon, and saw 9 of its levels.

You collected 471 gold pieces.

Inventory:

Hand weapons
 a - a +0 whip of venom
 b - a +1 hand crossbow (weapon)
 d - a +1 cutlass of holy wrath
 o - a cursed +0 arbalest
 K - a +0 morningstar
Missiles
 c - 41 bolts (quivered)
Armour
 y - a steam dragon hide
 C - a +1 helmet (worn)
 R - a +0 ring mail (worn)
Magical devices
 z - a wand of draining (6)
 T - a wand of magic darts (9)
Comestibles
 f - 10 bread rations
 h - a royal jelly
 j - 9 beef jerkies
 B - a slice of pizza
Scrolls
 l - a scroll of enchant weapon {unknown}
 m - 10 scrolls of identify {unknown}
 p - 3 scrolls of remove curse
 q - a scroll of blinking {unknown}
 r - 2 scrolls of random uselessness
 G - a scroll of noise
 J - a scroll of brand weapon {unknown}
 L - a scroll of fog {unknown}
 P - a scroll of amnesia {unknown}
Jewellery
 g - an amulet of resist mutation (around neck)
 n - a ring of teleport control (left hand)
 A - a cursed ring of protection from magic (right hand)
 O - an uncursed amulet of rage
Potions
 k - 2 potions of magic
 s - a potion of poison
 t - a potion of porridge
 D - a potion of might {unknown}
 E - a potion of agility
 F - a potion of cancellation {unknown}
 H - a potion of brilliance
 M - a potion of restore abilities {unknown}
 N - a potion of curing {unknown}
 Q - a potion of haste {unknown}
Books
 u - a book of Control

   Spells                             Type                      Level
   Control Teleport                   Charms/Translocation         4
   Control Undead                     Necromancy                   4
   Enslavement                        Hexes                        4
   Metabolic Englaciation             Hexes/Ice                    5
   Mass Confusion                     Hexes                        6
 I - a book of Air

   Spells                             Type                      Level
   Shock                              Conjuration/Air              1
   Swiftness                          Charms/Air                   2
   Repel Missiles                     Charms/Air                   2
   Flight                             Charms/Air                   3
   Static Discharge                   Conjuration/Air              3
   Lightning Bolt                     Conjuration/Air              5


   Skills:
 + Level 4.2 Fighting
 * Level 4.4 Maces & Flails
 * Level 8.4 Crossbows
 + Level 4.3 Armour
 + Level 5.7 Dodging
 + Level 1.9 Stealth
 + Level 1.5 Evocations


You had 8 spell levels left.
You didn't know any spells.

Dungeon Overview and Level Annotations

Branches:
Dungeon (8/15)             Temple (1/1) D:6
   Lair: D:8-11

Altars:
Ashenzari
Cheibriados
Dithmenos
Elyvilon
Fedhas
Kikubaaqudgha
Makhleb
Nemelex Xobeh
Okawaru
Qazlal
Sif Muna
Trog
Vehumet
Xom
Yredelemnul
Zin
The Shining One

Shops:
D:5 [

Annotations:
D:7 chipmonk's ghost, experienced DECj


Innate Abilities, Weirdness & Mutations

You are surrounded by a moderate repulsion field (EV +3).
You can steal the life force of nearby defeated enemies.


Message History

The steam dragon completely misses you. The steam dragon claws you.
* * * LOW HITPOINT WARNING * * *
Evoke which item? (* to show all) (? for menu, Esc to quit)
Zapping:
z - a wand of draining {recharged}
Press: ? - help, Shift-Dir - straight line, f - eight-headed hydra
Aim: an eight-headed hydra The bolt of negative energy hits the steam dragon.
The steam dragon is drained!
The steam dragon is moderately wounded.
The bolt of negative energy hits the eight-headed hydra.
The eight-headed hydra is drained!
The eight-headed hydra is lightly wounded.
You feel sick. The steam dragon closely misses you.
The steam dragon claws you but does no damage.
You feel sick.
You feel sick.
You feel sick. The steam dragon breathes steam at you.
The ball of steam hits you!
You die...

##.................####.....DD...
#.#..............................
###.........##D............#.....
##.......###..............###..
##......##.....#####......##.#
##....##...D.#..## ##D.......#
##...####...D###..# ##.........#
##...####.....§##..###..........#
#..#####....##.§@.........#......
##.####.....###......####..#...##
##.....##..# ##..#..## ##.>#..#5
###..###..# ##.###..# ##....#s
#...##..# #..# ##.## #....#Z
#...##..###.## #..# ##...#C
##...#...#..# ##.####....#o
#..........## #..#...##.#W
##..........### #....####.#W


There were no monsters in sight!

Vanquished Creatures
  A hippogriff (D:8)
  A steam dragon (D:6)
  A water moccasin (D:4)
  2 orc warriors
  A phantom (D:5)
  3 black bears
  An ice beast (D:7)
  4 centaurs
  4 ogres
  3 scorpions
  A giant frog zombie (D:6)
  2 jellies
  2 crimson imps
  A goliath beetle (D:7)
  5 hounds
  3 iguanas (D:4)
  A giant frog skeleton (D:8)
  4 orc priests
  A centaur skeleton (D:5)
  4 orc wizards
  4 worker ants
  Jessica (D:2)
  An ogre skeleton (D:3)
  A hound skeleton (D:7)
  2 mummies (D:8)
  5 gnolls
  10 adders
  A scorpion zombie (D:5)
  2 giant mites
  4 worms
  8 giant geckos
  4 oozes
  34 orcs
  14 bats
  20 goblins
  11 hobgoblins
  8 jackals
  2 quokkas
  10 giant cockroaches
  6 giant newts
  A giant spore (D:7)
  11 kobolds
  An orc zombie (D:7)
  9 rats
  A ballistomycete (D:7)
216 creatures vanquished.

Vanquished Creatures (others)
  6 butterflies (D:8)
  2 fungi (D:5)
8 creatures vanquished.

Grand Total: 224 creatures vanquished

Notes
Turn   | Place    | Note
--------------------------------------------------------------
     0 | D:1      | CrazyArbalest, the Demonspawn Hunter, began the quest for the Orb.
     0 | D:1      | Reached XP level 1. HP: 15/15 MP: 1/1
   123 | D:1      | Reached skill level 4 in Crossbows
   157 | D:1      | Gained mutation: You are surrounded by a mild repulsion field (EV +2). [demonic ancestry]
   157 | D:1      | Reached XP level 2. HP: 21/21 MP: 2/2
   407 | D:1      | Reached XP level 3. HP: 26/26 MP: 3/3
   599 | D:2      | Found a snail-covered altar of Cheibriados.
   650 | D:2      | Noticed Jessica
   657 | D:2      | Killed Jessica
   661 | D:2      | Reached skill level 5 in Crossbows
   661 | D:2      | Gained mutation: You can steal the life force of nearby defeated enemies. [demonic ancestry]
   661 | D:2      | Reached XP level 4. HP: 32/32 MP: 4/4
  1603 | D:3      | Reached skill level 1 in Armour
  1603 | D:3      | Reached XP level 5. HP: 37/37 MP: 5/5
  1797 | D:3      | Reached skill level 1 in Maces & Flails
  2101 | D:4      | Noticed a water moccasin
  2276 | D:4      | Killed a water moccasin
  2276 | D:4      | Gained mutation: You are surrounded by a moderate repulsion field (EV +3). [demonic ancestry]
  2276 | D:4      | Reached XP level 6. HP: 41/43 MP: 6/6
  2428 | D:4      | Found a radiant altar of Vehumet.
  2685 | D:4      | Reached skill level 6 in Crossbows
  2685 | D:4      | Reached skill level 1 in Stealth
  2713 | D:4      | Noticed an ogre
  3252 | D:4      | Killed an ogre
  3252 | D:4      | Reached skill level 1 in Evocations
  3252 | D:4      | Reached XP level 7. HP: 49/49 MP: 6/8
  3445 | D:5      | Entered Level 5 of the Dungeon
  3622 | D:5      | Found Shrockaff's Armour Shoppe.
  3750 | D:5      | Found a blossoming altar of Fedhas.
  3754 | D:5      | Found a stormy altar of Qazlal.
  4835 | D:6      | Reached skill level 7 in Crossbows
  4865 | D:6      | Reached XP level 8. HP: 56/56 MP: 9/9
  5512 | D:6      | Found a staircase to the Ecumenical Temple.
  5574 | Temple   | Entered the Ecumenical Temple
  5805 | Temple   | Became a worshipper of Warmaster Okawaru
  5987 | D:7      | Found a glowing golden altar of the Shining One.
  6077 | D:7      | Reached skill level 5 in Dodging
  6160 | D:7      | Reached XP level 9. HP: 64/64 MP: 11/11
  6254 | D:7      | Acquired Okawaru's first power
  6885 | D:7      | Noticed chipmonk's ghost (experienced DECj)
  6898 | D:7      | Reached skill level 8 in Crossbows
  7470 | D:7      | Found a glowing golden altar of the Shining One.
  7470 | D:7      | Found a bloodstained altar of Trog.
  8141 | D:8      | Noticed a cyclops
  8797 | D:8      | Noticed an eight-headed hydra
  8816 | D:8      | HP: 3/65 [poison (a potion of poison)]
  8817 | D:8      | Gained mutation: You can breathe flames. [potion of beneficial mutation]
  8818 | D:8      | Lost mutation: You can breathe flames. [potion of cure mutation]
  8818 | D:8      | HP: 1/65 [poison (a potion of poison)]
  8840 | D:8      | Killed from afar by a steam dragon

Action                   |  1- 3 |  4- 6 |  7- 9 || total
-------------------------+-------+-------+-------++-------
Melee: Mace              |       |    56 |       ||    56
       Whip              |       |   221 |   664 ||   885
       Short sword       |       |     1 |       ||     1
 Fire: Hand crossbow     |    78 |    80 |   144 ||   302
Evoke: Wand              |       |     7 |    16 ||    23
  Use: Scroll            |       |     1 |     6 ||     7
       Potion            |       |       |     8 ||     8
 Stab: Sleeping          |       |     1 |     3 ||     4
  Eat: Chunk             |       |     8 |    16 ||    24
       Pizza             |       |       |     1 ||     1
